[gd_scene load_steps=7 format=2]

[ext_resource path="res://assets/fonts/rational-integer/ratio___.ttf" type="DynamicFontData" id=1]
[ext_resource path="res://classes/puzzles/puzzle.tscn" type="PackedScene" id=2]

[sub_resource type="StyleBoxFlat" id=2]
content_margin_left = 16.0
content_margin_right = 16.0
bg_color = Color( 0.427451, 0.427451, 0.427451, 1 )

[sub_resource type="StyleBoxFlat" id=3]
content_margin_left = 16.0
content_margin_right = 16.0
bg_color = Color( 0.12549, 0.407843, 0.576471, 1 )

[sub_resource type="StyleBoxFlat" id=4]
content_margin_left = 16.0
content_margin_right = 16.0
bg_color = Color( 0.247059, 0.247059, 0.247059, 1 )

[sub_resource type="DynamicFont" id=5]
size = 48
use_mipmaps = true
use_filter = true
extra_spacing_char = 4
font_data = ExtResource( 1 )

[node name="HuntsmanPuzzle" instance=ExtResource( 2 )]

[node name="HBoxContainer" type="HBoxContainer" parent="Control" index="0"]
anchor_left = 0.5
anchor_top = 0.5
anchor_right = 0.5
anchor_bottom = 0.5
margin_left = -512.0
margin_top = -100.0
margin_right = 512.0
margin_bottom = 156.0
size_flags_vertical = 0
custom_constants/separation = 160
__meta__ = {
"_edit_use_anchors_": false
}

[node name="Kill" type="Button" parent="Control/HBoxContainer" index="0"]
margin_right = 432.0
margin_bottom = 256.0
size_flags_horizontal = 3
size_flags_vertical = 3
custom_styles/hover = SubResource( 2 )
custom_styles/pressed = SubResource( 3 )
custom_styles/normal = SubResource( 4 )
custom_fonts/font = SubResource( 5 )
text = "Kill Huntsman"
__meta__ = {
"_editor_description_": ""
}

[node name="Spare" type="Button" parent="Control/HBoxContainer" index="1"]
margin_left = 592.0
margin_right = 1024.0
margin_bottom = 256.0
size_flags_horizontal = 3
size_flags_vertical = 3
custom_styles/hover = SubResource( 2 )
custom_styles/pressed = SubResource( 3 )
custom_styles/normal = SubResource( 4 )
custom_fonts/font = SubResource( 5 )
text = "Spare Huntsman"
__meta__ = {
"_editor_description_": ""
}
[connection signal="pressed" from="Control/HBoxContainer/Kill" to="." method="report_failure"]
[connection signal="pressed" from="Control/HBoxContainer/Spare" to="." method="report_success"]
